[Event "Team 45 45 League T50"]
[Site "Internet Chess Club"]
[Date "2011.09.10"]
[Round "4"]
[White "alaskauk"]
[Black "CKNIGHT3"]
[Result "1-0"]
[WhiteElo "1505"]
[BlackElo "1556"]
[Opening "Sicilian: Canal-Sokolsky (Nimzovich-Rossolimo, Moscow) attack"]
[ECO "B51"]
[Time "11:30:31"]
[TimeControl "2700+45"]

1. e4 c5 2. Nf3 d6 3. Bb5+ Nd7 4. d4 cxd4 5. Qxd4 a6 6. Bxd7+ Bxd7 7. Bg5 Nf6 8.
O-O h6 9. Be3 e6 10. Nc3 Be7 11. Rfd1 O-O 12. e5 dxe5 13. Nxe5 Bc6 14. Nxc6 bxc6
15. Qc4 Qc7 16. Bf4 e5 17. Bg3 Bd6 18. Ne4 Nxe4 19. Qxe4 f5 20. Qc4+ Kh8 21. f3
a5 22. Qc3 f4 23. Bf2 Bb4 24. Qc4 Rfd8 25. a3 Be7 26. Rab1 Rab8 27. Rd3 Rxd3 28.
Qxd3 c5 29. Qc4 Qb6 30. Qf7 Qd6 31. Qc4 Kh7 32. Qc3 Qc7 33. Re1 Bd6 34. Re4 Qb6
35. Qd3 Kh8 36. h3 Rd8 37. Qc3 Rb8 38. Qd3 Bc7 39. b3 Qd6 40. Qxd6 Bxd6 41. Rc4
Rb5 42. a4 Rb4 43. Rxb4 cxb4 44. Bb6 Kg8 45. Bxa5 Bc5+ 46. Kf1 Kf7 47. Ke2 Ke6
48. c3 bxc3 49. Bxc3 Kd5 50. Kd3 g5 51. b4 Ba7 52. a5 h5 53. b5 Kc5 54. b6 Bb8
55. Ke4 Bd6 56. Bb4+ Kxb4 57. a6 Kb5 58. a7 Kxb6 59. a8=Q Kc5 60. Qd5+ Kb6 61.
Qxd6+ Kb5 62. Qxe5+ Kc6 63. Kd4 g4 64. Qc5+ Kd7 65. Ke5 gxh3 66. gxh3 h4 67. Qb6
Kc8 68. Qa7 Kd8 69. Kd6 Ke8 70. Qe7# {Black checkmated} 1-0

[Event "Team 45 45 League T50"]
[Site "Internet Chess Club"]
[Date "2011.09.01"]
[Round "4"]
[White "LeanSixSigma"]
[Black "tightfist"]
[Result "0-1"]
[WhiteElo "1455"]
[BlackElo "1546"]
[Opening "French: Winawer, advance, 5.a3"]
[ECO "C17"]
[Time "18:02:52"]
[TimeControl "2700+45"]

1. e4 e6 2. d4 d5 3. Nc3 Bb4 4. e5 c5 5. a3 cxd4 6. Qxd4 Nc6 7. Bb5 Bd7 8. Bxc6
Bxc3+ 9. Qxc3 Bxc6 10. Qd4 Ne7 11. Bg5 Nf5 12. Bxd8 Nxd4 13. O-O-O Nxc2 14. Kxc2
Rxd8 15. Rd4 Ke7 16. Ne2 Rc8 17. Nc3 Rc7 18. Kd2 Rhc8 19. Rc1 b5 20. b4 a6 21.
f4 Bd7 22. f5 Rc4 23. Rxc4 Rxc4 24. fxe6 Kxe6 25. Re1 Bc6 26. g3 f6 27. exf6+
Kxf6 28. Rf1+ Ke7 29. Rf4 Rxf4 30. gxf4 Ke6 31. Ke3 Kf5 32. Ne2 Bb7 33. Nd4+ Kg4
34. Ne6 g6 35. Kd4 h5 36. Ke5 h4 37. Ng5 d4 38. h3+ Kg3 39. Kxd4 Kxf4 40. Ne6+
Kf5 41. Ng7+ Kf4 42. Ne6+ Kg3 43. Ng5 Bg2 44. Ke5 Bxh3 45. Ne4+ Kg2 46. Ng5 Bf5
47. Kf4 h3 48. Nf3 Kf2 49. Nh2 Ke2 50. Kg3 Kd2 51. Nf3+ Kc3 52. Ne5 Kb3 53. Nc6
Kxa3 54. Nb8 Kxb4 55. Nxa6+ Kc3 56. Nc7 b4 57. Nd5+ Kb3 58. Ne3 Ka2 {White
resigns} 0-1

[Event "Team 45 45 League T50"]
[Site "Internet Chess Club"]
[Date "2011.09.04"]
[Round "4"]
[White "Killian"]
[Black "ticopatzer"]
[Result "1-0"]
[WhiteElo "1754"]
[BlackElo "1672"]
[Opening "Center game: Berger variation"]
[ECO "C22"]
[Time "15:05:17"]
[TimeControl "2700+45"]

1. e4 e5 2. d4 exd4 3. Qxd4 Nc6 4. Qe3 Nf6 5. Nc3 Bb4 6. Bd2 O-O 7. O-O-O Re8 8.
Bc4 Bxc3 9. Bxc3 Nxe4 10. Qf4 Nf6 11. Nf3 d6 12. Ng5 Be6 13. Bd3 h6 14. Nxe6
Rxe6 15. Bf5 Re8 16. Qg3 Ne5 17. Rhe1 Nc4 18. Rxe8+ Qxe8 19. Bxf6 Qf8 20. b3 Nb6
21. Re1 Nd5 22. Bb2 a5 23. a4 Nb4 24. Re4 Rb8 25. Rg4 f6 26. Rg6 Kh8 27. Qh4 Nd5
28. Be4 Ne7 29. Rg3 d5 30. Bd3 c5 31. Qf4 d4 32. Qd6 b6 33. Rg4 Rb7 34. Re4 Qf7
35. Ba6 f5 36. Re1 Ra7 37. Qb8+ Ng8 38. Bc4 Rb7 39. Qe8 Qxe8 40. Rxe8 Re7 41.
Rxg8+ Kh7 42. Rf8 Re1+ 43. Kd2 Rg1 44. g3 Rg2 45. Rxf5 Rxh2 46. Bd3 g6 47. Rf7+
Kg8 48. Bxg6 h5 49. Rf4 Kg7 50. Be4 Kh6 51. c3 h4 52. Rxh4+ Rxh4 53. gxh4 dxc3+
54. Bxc3 Kh5 55. Bf6 {Black resigns} 1-0

[Event "Team 45 45 League T50"]
[Site "Internet Chess Club"]
[Date "2011.09.01"]
[Round "4"]
[White "Dracoac"]
[Black "ILRE"]
[Result "1-0"]
[WhiteElo "1564"]
[BlackElo "1705"]
[Opening "King's Indian: orthodox, Aronin-Taimanov, 9.Ne1"]
[ECO "E98"]
[Time "16:00:34"]
[TimeControl "2700+45"]

1. Nf3 Nf6 2. c4 g6 3. Nc3 Bg7 4. e4 d6 5. d4 O-O 6. Be2 e5 7. O-O Nc6 8. d5 Ne7
9. Ne1 Nd7 10. Be3 f5 11. f3 f4 12. Bf2 g5 13. b4 Nf6 14. Rc1 Rf7 15. c5 Ng6 16.
Nd3 h5 17. Nb2 g4 18. Nc4 Bf8 19. a3 Rh7 20. cxd6 cxd6 21. Nb5 b6 22. Nxa7 g3
23. Bxb6 gxh2+ 24. Kh1 Qd7 25. Nxc8 Rxc8 26. Bf2 h4 27. Nb6 Rxc1 28. Nxd7 Rxd1
29. Nxf6+ Kg7 30. Rxd1 Kxf6 31. Kxh2 Rc7 32. Bb6 Rc2 33. Bb5 Be7 34. a4 Nh8 35.
a5 Nf7 36. a6 Ng5 37. Bd7 Nxf3+ 38. Kh1 Nd4 39. Ra1 f3 40. Bxd4 fxg2+ 41. Kg1
exd4 42. a7 d3 43. a8=Q d2 44. Qh8+ Kf7 45. Be8# {Black checkmated} 1-0

[Event "Team 45 45 League T50"]
[Site "Internet Chess Club"]
[Date "2011.09.06"]
[Round "4"]
[White "Helaman"]
[Black "vigneshv"]
[Result "1-0"]
[WhiteElo "1492"]
[BlackElo "1588"]
[Opening "French: Tarrasch, closed variation"]
[ECO "C05"]
[Time "22:01:35"]
[TimeControl "2700+45"]

1. e4 e6 2. d4 d5 3. Nd2 Nf6 4. e5 Nfd7 5. f4 c5 6. c3 Nc6 7. Ndf3 Qb6 8. g3 Be7
9. Bh3 O-O 10. Ne2 Re8 11. O-O Nf8 12. b3 Bd7 13. Be3 Ng6 14. Kh1 cxd4 15. Nexd4
Nxd4 16. Bxd4 Bc5 17. Rf2 Rac8 18. Rc2 Ne7 19. Bg1 Rc7 20. Rac1 Rec8 21. Qd3
Bxg1 22. Rxg1 a5 23. Qd2 a4 24. Rb1 Qc5 25. Rbc1 h6 26. Qd4 Qb4 27. Qxb4 {Black
resigns} 1-0

[Event "Team 45 45 League T50"]
[Site "Internet Chess Club"]
[Date "2011.09.04"]
[Round "4"]
[White "SlimeDog2"]
[Black "bobhill"]
[Result "1-0"]
[WhiteElo "2088"]
[BlackElo "2005"]
[Opening "QGD: Tartakower (Makagonov-Bondarevsky) system"]
[ECO "D58"]
[Time "21:45:48"]
[TimeControl "2700+45"]

1. d4 d5 2. Nf3 Nf6 3. c4 e6 4. Nc3 Be7 5. Bg5 h6 6. Bh4 O-O 7. e3 b6 8. Rc1 Bb7
9. Bxf6 Bxf6 10. cxd5 Bxd5 11. Nxd5 Qxd5 12. Qa4 c6 13. Be2 a5 14. O-O b5 15.
Qc2 Rc8 16. a4 Na6 17. axb5 cxb5 18. Qxc8+ Rxc8 19. Rxc8+ Kh7 20. Rfc1 Qb3 21.
R1c2 g6 22. Nd2 Qa4 23. b3 Qa3 24. Bxb5 Nb4 25. R2c7 Qa1+ 26. Nf1 Nd5 27. Rxf7+
Bg7 28. Ra8 Nc3 29. Bc4 Qe1 30. Raa7 h5 31. Rxg7+ Kh6 32. h4 {Black resigns} 1-0

[Event "Team 45 45 League T50"]
[Site "Internet Chess Club"]
[Date "2011.09.03"]
[Round "4"]
[White "Beetlejuice"]
[Black "perikitosax"]
[Result "0-1"]
[WhiteElo "1863"]
[BlackElo "1991"]
[Opening "Benoni: fianchetto, 9...Nbd7"]
[ECO "A62"]
[Time "13:07:44"]
[TimeControl "2700+45"]

1. d4 Nf6 2. c4 c5 3. d5 e6 4. Nc3 exd5 5. cxd5 d6 6. Nf3 g6 7. g3 Bg7 8. Bg2
O-O 9. O-O Nbd7 10. Bf4 Qe7 11. Nd2 Nh5 12. Be3 f5 13. Nc4 f4 14. Bd2 Ne5 15. b3
Bd7 16. Rc1 Rae8 17. Ne4 Nxc4 18. bxc4 Bf5 19. Nc3 Be5 20. Bf3 Bh3 21. Re1 fxg3
22. hxg3 Nxg3 23. fxg3 Bxg3 24. Ne4 Qh4 25. Bg5 Bf2+ 26. Nxf2 Qg3+ 27. Kh1 Rxf3
28. Rg1 Qxf2 29. exf3 Re2 30. Bf4 Qxf3+ {White resigns} 0-1

[Event "Team 45 45 League T50"]
[Site "Internet Chess Club"]
[Date "2011.08.31"]
[Round "4"]
[White "DreamCatcher13"]
[Black "bgolev"]
[Result "0-1"]
[WhiteElo "1983"]
[BlackElo "1811"]
[Opening "Ruy Lopez: closed, Chigorin defense"]
[ECO "C97"]
[Time "20:00:01"]
[TimeControl "2700+45"]

1. e4 e5 2. Nf3 Nc6 3. Bb5 a6 4. Ba4 Nf6 5. O-O Be7 6. Re1 b5 7. Bb3 O-O 8. h3
d6 9. c3 Na5 10. Bc2 c5 11. d4 Qc7 12. Nbd2 Re8 13. Nf1 Bf8 14. Bg5 Nd7 15. b3
Nc6 16. Rc1 g6 17. Bb1 Bg7 18. d5 Ne7 19. Qd2 Nf8 20. Ng3 Bd7 21. Nh2 Kh8 22.
Ng4 Ng8 23. Kh2 h5 24. Nh6 f6 25. Be3 Kh7 26. Nxg8 Kxg8 27. h4 Re7 28. Re2 Rae8
29. Rce1 Bg4 30. f3 Bc8 31. Qc1 Qd8 32. Bc2 Rb7 33. Nh1 Rf7 34. Rf1 Nh7 35. g3
Ref8 36. Ref2 f5 37. f4 Nf6 38. Re2 Ng4+ 39. Kg2 fxe4 40. Bxe4 Bf5 41. Bxf5 Rxf5
42. Bd2 Bh6 43. Nf2 exf4 44. Nxg4 hxg4 45. Re6 Kh7 46. Kg1 fxg3 47. Rxf5 Rxf5
48. Bxh6 Qxh4 49. Qd2 Rf2 {White resigns} 0-1

[Event "Team 45 45 League T50"]
[Site "Internet Chess Club"]
[Date "2011.09.01"]
[Round "4"]
[White "room-matt"]
[Black "crag"]
[Result "1/2-1/2"]
[WhiteElo "1662"]
[BlackElo "1709"]
[Opening "French: Rubinstein variation"]
[ECO "C10"]
[Time "15:11:07"]
[TimeControl "2700+45"]

1. e4 e6 2. d4 d5 3. Nc3 dxe4 4. Nxe4 Nd7 5. Nf3 Ngf6 6. Bd3 Nxe4 7. Bxe4 Nf6 8.
Bg5 Qd6 9. Bxf6 gxf6 10. O-O f5 11. Bd3 Bg7 12. c3 Bd7 13. Re1 O-O-O 14. Ne5
Bxe5 15. dxe5 Qd5 16. Bc2 Bc6 17. Qxd5 Bxd5 18. b3 Rhg8 19. g3 Bf3 20. Bd1 Bxd1
21. Raxd1 Rxd1 22. Rxd1 f4 23. c4 fxg3 24. fxg3 Rg5 25. Rf1 Rf5 26. g4 Rxf1+ 27.
Kxf1 Kd7 28. Ke2 Ke7 29. g5 c5 30. a3 a5 31. h4 Kd7 32. a4 Ke7 33. Kf3 Kf8 34.
h5 Kg7 35. Kg4 b6 36. Kf4 Kf8 37. Kg4 Kg7 38. Kf4 Kf8 {Game drawn by mutual
agreement} 1/2-1/2

[Event "Team 45 45 League T50"]
[Site "Internet Chess Club"]
[Date "2011.09.03"]
[Round "4"]
[White "Stryker672"]
[Black "SuperPeon"]
[Result "0-1"]
[WhiteElo "1958"]
[BlackElo "2149"]
[Opening "Bishop's opening: Ponziani gambit"]
[ECO "C24"]
[Time "23:02:28"]
[TimeControl "2700+45"]

1. e4 e5 2. Bc4 Nf6 3. d4 Nxe4 4. dxe5 c6 5. Nf3 d5 6. Be2 Bc5 7. O-O Qb6 8. Qe1
O-O 9. Nbd2 Nxd2 10. Qxd2 Bg4 11. c3 Re8 12. b4 Bf8 13. Re1 Bxf3 14. Bxf3 Nd7
15. Qg5 f6 16. Qf5 Nxe5 17. Be3 Nxf3+ 18. Qxf3 Qc7 19. g3 Bd6 20. Kg2 Re4 21. a4
Rae8 22. a5 a6 23. Bb6 Qe7 24. Rxe4 Qxe4 25. Qxe4 Rxe4 26. Rd1 Kf7 27. h3 Rc4
28. Bd4 Be5 29. Bxe5 fxe5 30. Rd3 Ke7 31. Kf1 h5 32. Ke2 h4 33. gxh4 Rxh4 34.
Rg3 Kf6 35. Kd3 Rf4 36. Ke3 g5 37. f3 Kf5 38. Rg1 Rc4 39. Kd3 c5 40. bxc5 Rxc5
41. Rg4 Rxa5 42. h4 gxh4 43. Rxh4 Ra3 44. Kc2 e4 45. fxe4+ dxe4 46. Rh7 b5 47.
Kb2 Ra4 48. Rf7+ Ke6 49. Rf8 Kd5 50. Kb3 e3 51. Kc2 e2 52. Kd2 Re4 53. Ke1 Re6
54. Rc8 a5 55. c4+ bxc4 56. Ra8 c3 57. Rxa5+ Kc4 58. Ra2 Kb3 59. Ra8 Re4 60.
Rb8+ Rb4 61. Rc8 Kb2 62. Kxe2 c2 63. Kd2 Rd4+ 64. Ke3 Rd1 65. Rb8+ Ka3 66. Ra8+
Kb4 67. Rb8+ Kc4 68. Rc8+ Kb3 69. Rb8+ Ka4 70. Ra8+ Kb5 71. Rb8+ Ka5 72. Ra8+
Kb6 73. Rc8 c1=Q+ 74. Rxc1 Rxc1 {White resigns} 0-1

[Event "Team 45 45 League T50"]
[Site "Internet Chess Club"]
[Date "2011.09.05"]
[Round "4"]
[White "BadHabitMarco"]
[Black "Deckfuel"]
[Result "1-0"]
[WhiteElo "2165"]
[BlackElo "1914"]
[Opening "Sicilian: Najdorf, 7...Be7 main line"]
[ECO "B99"]
[Time "13:00:39"]
[TimeControl "2700+45"]

1. e4 c5 2. Nf3 d6 3. d4 cxd4 4. Nxd4 Nf6 5. Nc3 a6 6. Bg5 e6 7. f4 Be7 8. Qf3
Nbd7 9. O-O-O Qc7 10. g4 b5 11. Bxf6 Nxf6 12. g5 Nd7 13. f5 Nc5 14. f6 gxf6 15.
gxf6 Bf8 16. Rg1 Bb7 17. Bh3 b4 18. Nd5 exd5 19. exd5 Nd7 20. Bxd7+ Qxd7 21. Nc6
Bxc6 22. dxc6 Qa7 23. c7 Kd7 24. Rg7 Bxg7 25. fxg7 Rhc8 26. Qxf7+ Kc6 27. Qd5+
Kxc7 28. Qxd6+ Kb7 29. Qxb4+ Qb6 30. Rd7+ Rc7 31. Rxc7+ Kxc7 32. Qe7+ Kc6 33.
Qe4+ Kb5 34. Qd5+ Qc5 35. g8=Q Rxg8 36. Qxg8 Qe3+ 37. Kd1 Qf3+ 38. Ke1 Qe3+ 39.
Kf1 Qc1+ 40. Kg2 Qxc2+ 41. Kg3 Qd3+ 42. Kh4 Qd4+ 43. Kh5 Qe4 44. Qg5+ Kc6 45. h4
Qc2 46. Qf6+ Kd5 47. Qf7+ Kd6 48. Qf6+ Kd5 49. Kh6 Qe4 50. Qg5+ Kd6 51. Qd8+ Kc5
52. Qa5+ Kd6 53. Qxa6+ Kc5 54. Qf6 Kb5 55. a3 Ka4 56. h5 Kb3 57. Qc3+ Ka2 58. b4
Qf4+ 59. Kxh7 Qf5+ 60. Kg7 Qg5+ 61. Kf8 Qxh5 62. Ke7 Qh7+ 63. Kd6 Qg6+ 64. Kc5
Qe8 65. b5 Qc8+ 66. Kb4 Qb8 67. Qc4+ Kb1 68. a4 Qf8+ 69. Kb3 Qf3+ 70. Qc3 Qf7+
71. Ka3 Qa2+ 72. Kb4 Qf2 73. a5 Ka2 74. a6 Qf8+ 75. Qc5 Qd8 76. b6 Qd2+ 77. Kb5
Qd7+ 78. Kc4 Qa4+ 79. Kc3 Qd1 80. Qf2+ Ka3 81. Qb2+ Ka4 82. Qb4# {Black
checkmated} 1-0

[Event "Team 45 45 League T50"]
[Site "Internet Chess Club"]
[Date "2011.09.02"]
[Round "4"]
[White "alexdb"]
[Black "DARKwizard1"]
[Result "1/2-1/2"]
[WhiteElo "1910"]
[BlackElo "2008"]
[Opening "Alekhine's defense: Maróczy variation"]
[ECO "B02"]
[Time "21:12:18"]
[TimeControl "2700+45"]

1. e4 Nf6 2. d3 e5 3. Nf3 Nc6 4. Be2 Bc5 5. O-O O-O 6. c3 h6 7. b4 Bd6 8. Nbd2
Re8 9. Nc4 Bf8 10. b5 d5 11. exd5 Ne7 12. Ncxe5 Nexd5 {Game drawn by mutual
agreement} 1/2-1/2

[Event "Team 45 45 League T50"]
[Site "Internet Chess Club"]
[Date "2011.09.02"]
[Round "4"]
[White "pawn111"]
[Black "Holzschlange"]
[Result "1/2-1/2"]
[WhiteElo "1847"]
[BlackElo "1841"]
[Opening "Ruy Lopez: Schliemann defense, Berger variation"]
[ECO "C63"]
[Time "21:03:01"]
[TimeControl "2700+45"]

1. e4 e5 2. Nf3 Nc6 3. Bb5 f5 4. Nc3 fxe4 5. Nxe4 d5 6. Ng3 Bd6 7. d4 e4 8. Ne5
Bxe5 9. Bxc6+ bxc6 10. Qh5+ Kf8 11. Qxe5 Nf6 12. O-O Qd6 13. Bf4 Ba6 14. Qxd6+
cxd6 15. Bxd6+ Kf7 16. Rfe1 Rhd8 17. Bc5 Nd7 18. Ba3 Rac8 19. Rad1 g6 20. h3 c5
21. dxc5 Nxc5 22. Rd4 Ne6 23. Ra4 Rc6 24. Re3 Rd7 25. f3 exf3 26. Rxf3+ Kg7 27.
Rf2 Rdc7 28. Nf1 Bb5 29. Rb4 Bxf1 30. Kxf1 Rxc2 31. Rxc2 Rxc2 32. Rb7+ Kf6 33.
Rxa7 Ke5 34. Bb4 d4 35. a4 Rxb2 36. Be1 Nf4 37. Bg3 Rb1+ 38. Kf2 Rb2+ 39. Kf1
Rb1+ 40. Kf2 Rb2+ 41. Kf3 Rb3+ 42. Kf2 Rb2+ 43. Kf3 {Game drawn by mutual
agreement} 1/2-1/2

[Event "Team 45 45 League T50"]
[Site "Internet Chess Club"]
[Date "2011.09.05"]
[Round "4"]
[White "Tjet"]
[Black "mongmong"]
[Result "0-1"]
[WhiteElo "1459"]
[BlackElo "1614"]
[Opening "English: symmetrical, hedgehog system"]
[ECO "A13"]
[Time "18:00:12"]
[TimeControl "2700+45"]

1. c4 e6 2. Nf3 Nf6 3. Nc3 Be7 4. g3 b6 5. Bg2 Bb7 6. O-O c5 7. d3 O-O 8. e4 d5
9. cxd5 exd5 10. exd5 Nxd5 11. d4 Nxc3 12. bxc3 cxd4 13. Nxd4 Bxg2 14. Kxg2 Qd5+
15. Qf3 Qxf3+ 16. Kxf3 Nd7 17. Kg2 Bf6 18. Bb2 Nc5 19. Rad1 Rfc8 20. Ba1 Na4 21.
Rd3 h6 22. Rfd1 a6 23. Ne2 b5 24. Rd7 Nxc3 25. Nxc3 Bxc3 26. Bxc3 Rxc3 27. Rb7
Ra3 28. Rdd7 Rf8 29. Ra7 Rxa2 30. Rdb7 Ra4 31. Rb6 b4 32. Rbxa6 Rxa6 33. Rxa6
Rb8 34. Ra2 b3 35. Rb2 f5 36. h4 Kf7 37. f4 Kf6 38. Kf3 g5 39. hxg5+ hxg5 40.
fxg5+ Kxg5 41. Kg2 Rb4 42. Kf3 Kf6 43. Kf2 Ke5 44. Re2+ Kd4 {White resigns} 0-1

[Event "Team 45 45 League T50"]
[Site "Internet Chess Club"]
[Date "2011.09.05"]
[Round "4"]
[White "seattleblues"]
[Black "alaskauk"]
[Result "1/2-1/2"]
[WhiteElo "1457"]
[BlackElo "1485"]
[Opening "Sicilian: Alapin's variation (2.c3)"]
[ECO "B22"]
[Time "06:02:26"]
[TimeControl "2700+45"]

1. e4 c5 2. c3 e5 3. d4 cxd4 4. cxd4 Nf6 5. Nc3 exd4 6. Qxd4 Nc6 7. Qa4 a6 8.
Nf3 b5 9. Bxb5 Bb7 10. Be2 Qc7 11. O-O Nb4 12. e5 Nfd5 13. Nxd5 Bxd5 14. Bf4 Qb7
15. Rfc1 Be7 16. e6 fxe6 17. Rc7 Bc6 18. Qa5 Qb8 19. Qh5+ g6 20. Qg4 Qb6 21. Be5
Rg8 22. Nd4 Nd5 23. Rxc6 dxc6 24. Qxe6 Rf8 25. Rf1 Qb7 26. Nxc6 Qd7 27. Qxd7+
Kxd7 28. Nd4 Bf6 29. Bg4+ Ke7 30. Nc6+ Kf7 31. Rd1 Ne7 32. Rd7 Ke8 33. Bxf6 Nxc6
34. Rd6 Nd8 35. Bd7+ Kf7 36. Bc3 Ke7 37. Rd3 Kf7 38. Rf3+ Kg8 39. Re3 Nf7 40.
Bc6 Rad8 41. g3 h6 42. Bb4 Rd1+ 43. Kg2 Rb8 44. Bc3 Rb6 45. Re8+ Kh7 46. Ba4 Rd8
47. Re7 Rf8 48. Bb3 Kg8 49. Re4 Rb7 50. Rf4 Rd7 51. Rf6 Kh7 52. Rxa6 Rc7 53. Bc2
Rg8 54. h4 Nh8 55. h5 Rgg7 56. hxg6+ Rxg6 57. Bxg6+ Nxg6 58. a4 Ne7 59. Be5 Rb7
60. Rf6 Nd5 61. Rf8 Ra7 62. Rh8+ Kg6 63. Bf4 Nxf4+ 64. gxf4 Rxa4 65. Kg3 Rb4 66.
Kg4 Kg7 67. Rd8 Rxb2 68. f3 Rg2+ 69. Kh3 Rg1 70. Rd2 Kf6 71. Kh2 Rg8 72. Rd6+
Kf5 73. Rxh6 Kxf4 74. Rh3 Rg7 75. Kh1 Rg6 76. Kh2 Rg8 77. Kh1 Rg6 {Game drawn by
mutual agreement} 1/2-1/2

[Event "Team 45 45 League T50"]
[Site "Internet Chess Club"]
[Date "2011.09.03"]
[Round "4"]
[White "otib2006"]
[Black "MichaelJames"]
[Result "1-0"]
[WhiteElo "1290"]
[BlackElo "1332"]
[Opening "Giuoco Piano"]
[ECO "C50"]
[Time "17:24:25"]
[TimeControl "2700+45"]

1. e4 e5 2. Bc4 Nc6 3. Nf3 Bc5 4. O-O Nf6 5. Nc3 O-O 6. d3 d6 7. Bg5 Be6 8. Bxe6
fxe6 9. Bxf6 Qxf6 10. a3 Rf7 11. b4 Bb6 12. Na4 Raf8 13. Nxb6 axb6 14. c3 Qg6
15. Nh4 Qg5 16. g3 Rf6 17. Ng2 d5 18. a4 d4 19. b5 Na5 20. cxd4 exd4 21. f4 Qh6
22. Qc2 R8f7 23. Nh4 Qh5 24. Qd1 Qxd1 25. Rfxd1 c5 26. bxc6 Nxc6 27. Rab1 e5 28.
f5 Na5 29. Nf3 Nc6 30. Rxb6 g6 31. Ng5 Re7 32. Rdb1 gxf5 33. Rxb7 Rxb7 34. Rxb7
fxe4 35. Nxe4 Rf7 36. Rb6 Ne7 37. a5 Ng6 38. a6 Ra7 39. h4 Ne7 40. g4 Nd5 41.
Rb8+ Kg7 42. Rb7+ Rxb7 43. axb7 {Black resigns} 1-0

[Event "Team 45 45 League T50"]
[Site "Internet Chess Club"]
[Date "2011.09.04"]
[Round "4"]
[White "Conjurer"]
[Black "dpmdpm"]
[Result "0-1"]
[WhiteElo "1343"]
[BlackElo "1600"]
[Opening "English: symmetrical variation"]
[ECO "A38"]
[Time "13:05:54"]
[TimeControl "2700+45"]

1. c4 c5 2. Nc3 g6 3. g3 Bg7 4. Bg2 Nc6 5. Nf3 Nf6 6. O-O d5 7. cxd5 Nxd5 8. a3
O-O 9. Qc2 Nxc3 10. bxc3 e5 11. d3 h6 12. Be3 Qe7 13. Rab1 Be6 14. Nd2 Rac8 15.
Nb3 b6 16. Nd2 Rfd8 17. c4 Qd7 18. Ne4 Nd4 19. Qd2 Kh7 20. f4 f5 21. Nc3 Nc6 22.
Nd5 Ne7 23. fxe5 Nxd5 24. cxd5 Bxd5 25. Rbd1 Bxg2 26. Kxg2 Qd5+ 27. Rf3 Qxe5 28.
Bf4 Qd5 29. h4 Re8 30. Kh3 c4 31. d4 Re4 32. Be5 Bxe5 33. dxe5 Qxd2 34. Rxd2
Rxe5 35. Rfd3 cxd3 {White resigns} 0-1

[Event "Team 45 45 League T50"]
[Site "Internet Chess Club"]
[Date "2011.09.02"]
[Round "4"]
[White "Xanther"]
[Black "tryanything"]
[Result "1-0"]
[WhiteElo "1486"]
[BlackElo "1554"]
[Opening "Ruy Lopez: open (Tarrasch) defense"]
[ECO "C80"]
[Time "19:05:16"]
[TimeControl "2700+45"]

1. e4 e5 2. Nf3 Nc6 3. Bb5 a6 4. Ba4 Nf6 5. O-O Nxe4 6. Re1 Nc5 7. Bxc6 dxc6 8.
Nxe5 Be7 9. Nc3 O-O 10. d4 Ne6 11. Be3 Bg5 12. Ne4 Bxe3 13. fxe3 Ng5 14. Nxg5
Qxg5 15. Qf3 Be6 16. c4 f6 17. Nd3 Bxc4 18. Nf4 Rad8 19. Rec1 Bf7 20. Rc5 Qh6
21. Qg3 Rfe8 22. h3 Rd5 23. Nxd5 Bxd5 24. Rc3 Re7 25. Rf1 a5 26. a4 Kf7 27. Rf4
g5 28. Rf1 Qg6 29. Qg4 Be6 30. Qg3 h5 31. e4 h4 32. Qf2 Kg7 33. Rc5 Rf7 34. d5
cxd5 35. exd5 Bc8 36. d6 b6 37. Rxc7 Rxc7 38. dxc7 Qf7 39. Qxb6 {Black resigns}
1-0

[Event "Team 45 45 League T50"]
[Site "Internet Chess Club"]
[Date "2011.09.10"]
[Round "4"]
[White "nanning"]
[Black "doublepar"]
[Result "1/2-1/2"]
[WhiteElo "1511"]
[BlackElo "1455"]
[Opening "Réti opening"]
[ECO "A05"]
[Time "14:00:13"]
[TimeControl "2700+45"]

1. Nf3 Nf6 2. g3 d5 3. Bg2 e6 4. d3 Nc6 5. Nbd2 Bc5 6. O-O O-O 7. a3 a5 8. Qe1
e5 9. e4 d4 10. Nh4 Ng4 11. h3 Nf6 12. Kh2 Be7 13. Nf5 Nh5 14. Nxe7+ Nxe7 15.
Nc4 Nc6 16. Qe2 b5 17. Qxh5 bxc4 18. dxc4 a4 19. f4 g6 20. Qe2 Ba6 21. f5 Na5
22. f6 Bxc4 23. Qf2 Bxf1 24. Qxf1 c5 25. Bh6 Re8 26. Bg7 c4 27. Qc1 Re6 28. Qg5
d3 29. Rf1 d2 30. Bf3 Nc6 31. Bd1 Rb8 32. Qh6 Rxb2 33. Bh8 Qf8 34. Bg7 Qd8 35.
Bh8 Qf8 {Game drawn by mutual agreement} 1/2-1/2

[Event "Team 45 45 League T50"]
[Site "Internet Chess Club"]
[Date "2011.09.06"]
[Round "4"]
[White "SeniorCitizen"]
[Black "musfeldt"]
[Result "1-0"]
[WhiteElo "1339"]
[BlackElo "1327"]
[Opening "Sicilian: Pelikan (Lasker/Sveshnikov) variation"]
[ECO "B33"]
[Time "04:30:19"]
[TimeControl "2700+45"]

1. e4 c5 2. Nf3 Nc6 3. d4 cxd4 4. Nxd4 Nf6 5. Nc3 e5 6. Nb3 Bb4 7. Nd2 Bxc3 8.
bxc3 O-O 9. Bd3 d5 10. O-O dxe4 11. Nxe4 Nd5 12. Bb2 f5 13. Ng3 Kh8 14. Re1 e4
15. Bc4 Be6 16. Qd2 Re8 17. Bxd5 Bxd5 18. Qf4 Be6 19. Red1 Qb6 20. Rab1 Bxa2 21.
Qg5 Bxb1 22. Rxb1 Ne7 23. c4 Qg6 24. Qf4 Kg8 25. h4 Qe6 26. Nh5 Rf8 27. Nxg7
Qxc4 28. Qg5 Rf7 29. Nxf5+ Ng6 30. Nh6+ Kf8 31. Nxf7 Qxf7 32. Ba3+ Kg7 33. h5
Rb8 34. hxg6 hxg6 35. Qe5+ {Black resigns} 1-0

[Event "Team 45 45 League T50"]
[Site "Internet Chess Club"]
[Date "2011.09.01"]
[Round "4"]
[White "Aquaman"]
[Black "radiohead"]
[Result "0-1"]
[WhiteElo "1253"]
[BlackElo "1380"]
[Opening "Réti opening"]
[ECO "A04"]
[Time "21:00:39"]
[TimeControl "2700+45"]

1. Nf3 c5 2. g3 Nc6 3. Bg2 e6 4. O-O Nf6 5. d3 Be7 6. e4 d6 7. Nbd2 O-O 8. Re1
e5 9. Nf1 h6 10. Ne3 Be6 11. h3 Qd7 12. Kh2 Rac8 13. c4 b6 14. Nd5 Nd4 15. Nxd4
cxd4 16. a4 Bd8 17. b4 Nh7 18. b5 f5 19. exf5 Bxf5 20. Nb4 Ng5 21. Bxg5 Bxg5 22.
h4 Be7 23. Nc6 Bf6 24. Nb4 Bg4 25. Bf3 Bxf3 26. Qxf3 Rf7 27. Qd5 Kh8 28. Qg2
Rcf8 29. Rf1 Qg4 30. Qh3 Qf3 31. Qg2 Qg4 32. Qh3 Qf3 33. Qg2 Qf5 34. Qh3 Qh5 35.
Ra2 g5 36. hxg5 Qxg5 37. Nd5 Bg7 38. Qh4 Qxh4+ 39. gxh4 Rf3 40. Nb4 R8f4 41. Kg2
Bf6 42. Nd5 Rf5 43. Nxf6 Rxf6 44. Rd2 R3f4 45. Kh3 h5 46. a5 Rf3+ 47. Kg2 R3f4
48. Kh3 Rg6 49. f3 Kh7 50. axb6 axb6 51. Rg2 Rxg2 52. Kxg2 Rxh4 53. Kg3 Rf4 54.
Rh1 Kh6 55. Rh4 Rf7 56. Rh2 Ra7 57. Rd2 Kg5 58. Rd1 Ra3 59. Rd2 Ra7 60. Rg2 Rf7
61. Kf2+ Kf5 62. Rh2 Rh7 63. Kg3 Kg5 64. Kf2 h4 65. Rh3 Rh6 66. Kg2 Rh8 67. Kf2
Ra8 68. Ke2 Ra2+ 69. Ke1 Ra3 70. Ke2 Ra2+ 71. Ke1 Ra5 72. Ke2 d5 73. cxd5 Rxb5
74. Kd2 Rxd5 75. Rh2 b5 76. Rg2+ Kh5 77. Rg7 Rc5 78. Rh7+ Kg5 79. Rg7+ Kh6 80.
Rg4 Kh5 81. Rg8 Rc6 82. Rb8 h3 83. Rxb5 Re6 84. Rb1 Kh4 85. Rh1 Rg6 86. Ke1 Rg2
87. Kf1 Kg3 88. Ke1 h2 89. Kf1 Kxf3 {White resigns} 0-1

[Event "Team 45 45 League T50"]
[Site "Internet Chess Club"]
[Date "2011.09.02"]
[Round "4"]
[White "ElmerHo"]
[Black "drsigmund1"]
[Result "1-0"]
[WhiteElo "1565"]
[BlackElo "1432"]
[Opening "Ruy Lopez: Wormald (Alapin) attack"]
[ECO "C77"]
[Time "19:00:25"]
[TimeControl "2700+45"]

1. e4 e5 2. Nf3 Nc6 3. Bb5 a6 4. Ba4 Nf6 5. Qe2 b5 6. Bb3 Bc5 7. d3 h6 8. c3 d6
9. O-O Bg4 10. Be3 Qd7 11. Nbd2 O-O 12. Bxc5 dxc5 13. Qe3 Qd6 14. Rfd1 Rad8 15.
Nf1 Qe7 16. Ng3 Nh5 17. h3 Bxf3 18. Qxf3 Nxg3 19. Qxg3 Rd6 20. Rd2 c4 21. Bc2
Rfd8 22. Rad1 f5 23. exf5 e4 24. d4 Re8 25. Re2 Qf6 26. Rxe4 Rxe4 27. Bxe4 Ne7
28. Qf3 Qg5 29. Qg4 Qxg4 30. hxg4 g6 31. f3 gxf5 32. gxf5 Nd5 33. Bxd5+ Rxd5 34.
g4 c5 35. Kf2 cxd4 36. Rxd4 Rxd4 37. cxd4 b4 38. Ke2 c3 39. bxc3 bxc3 40. Kd3
{Black resigns} 1-0